 Dungeon Crawl Stone Soup version 0.31-a0-145-g046c7d2549 (webtiles) character file.

Game seed: 7581349519270934255

6798 qw the Skirmisher (level 10, -8/91 HPs)
             Began as a Minotaur Hunter on June 7, 2023.
             Was a Believer of Okawaru.
             Mangled by a death yak (20 damage)
             ... on level 1 of the Lair of Beasts.
             The game lasted 00:03:17 (8594 turns).

qw the Skirmisher (Minotaur Hunter)                 Turns: 8594, Time: 00:03:17

Health: -8/91      AC:  8    Str: 15    XL:     10   Next: 76%
Magic:  10/12      EV: 21    Int:  6    God:    Okawaru [**....]
Gold:   444        SH:  5    Dex: 27    Spells: 9/9 levels left

rFire   . . .        Y - +0 orcbow
rCold   x . .        (shield currently unavailable)
rNeg    . . .        j - +0 ring mail
rPois   .            (helmet restricted)
rElec   .            (no cloak)
rCorr   +            a - +0 pair of gloves "Zobe Xiw" {rC- rCorr Dex+8 Slay-3}
SInv    .            (no boots)
Will    .....        f - amulet of reflection
Stlth   +++          (no ring)
HPRegen 0.35/turn    (no ring)
MPRegen 0.13/turn

%: reflection
@: heroic
A: horns 2, retaliatory headbutt
a: Renounce Religion, Heroism


You were on level 1 of the Lair of Beasts.
You worshipped Okawaru.
Okawaru was pleased with you.
You visited 3 branches of the dungeon, and saw 10 of its levels.

You collected 444 gold pieces.


Innate Abilities, Weirdness & Mutations

You have a pair of horns on your head.
You reflexively headbutt those who attack you in melee.


   Skills:
 - Level 9.0(14.0) Fighting
 - Level 14.1(19.1) Ranged Weapons
 - Level 3.3(8.3) Armour
 + Level 7.3(12.3) Dodging
 - Level 0.7(5.7) Stealth
 - Level 4.0 Invocations


You had 9 spell levels left.
You didn't know any spells.
Your spell library was empty.

Inventory:

Hand Weapons
 Y - a +0 orcbow (weapon)
Armour
 a - the +0 pair of gloves "Zobe Xiw" (worn) {rC- rCorr Dex+8 Slay-3}
   (You found it on level 8 of the Dungeon)

   Dex:       It affects your dexterity (+8).
   Slay:      It affects your accuracy & damage with ranged weapons and melee
   (-3).
   rC:        It makes you vulnerable to cold.
   rCorr:     It protects you from acid and corrosion.
 j - a +0 ring mail (worn)
Jewellery
 f - an amulet of reflection (around neck)
 h - a ring of resist corrosion
Scrolls
 b - 2 scrolls of identify
Potions
 e - a potion of might
 k - 3 potions of resistance

Dungeon Overview and Level Annotations

Branches:
Dungeon (8/15)             Temple (1/1) D:7            Lair (1/5) D:8

Altars:
Ashenzari
Cheibriados
Dithmenos
Elyvilon
Fedhas
Gozag
Hepliaklqana
Kikubaaqudgha
Makhleb
Nemelex Xobeh
Okawaru
Ru
Sif Muna
Trog
Vehumet
Xom
Yredelemnul
Zin
The Shining One


Message History

You shoot an arrow.
The arrow hits the death yak but does no damage.
The death yak is almost dead.
You shoot an arrow. The arrow hits the death yak!
The death yak is almost dead.
The death yak gores you! The death yak gores you.
You shoot an arrow. The arrow hits the death yak!
You kill the death yak!
Okawaru accepts your kill. You block the death yak's attack.
The death yak gores you but does no damage.
Your base Ranged Weapons skill increases to level 14!
You shoot an arrow. The arrow hits the death yak!
The death yak is lightly wounded.
You feel like a meek peon again. The water moccasin bites you.
You block the death yak's attack. The death yak misses you.
You furiously retaliate!
You headbutt the death yak, but do no damage.
8591 ||| INVOKING Heroism.
You gain the combat prowess of a mighty hero.
The water moccasin misses you. You furiously retaliate!
You headbutt the water moccasin. The death yak gores you!
The death yak gores you!!
The water moccasin completely misses you.
You furiously retaliate!
You headbutt the water moccasin, but do no damage.
You shoot an arrow. The arrow hits the death yak!
The death yak is moderately wounded.
The water moccasin bites you but does no damage.
The death yak closely misses you. You furiously retaliate!
You headbutt the death yak. You block the death yak's attack.
You shoot an arrow.
The arrow hits the death yak but does no damage.
The death yak is moderately wounded.
The water moccasin misses you.
You shoot an arrow.
The arrow hits the death yak but does no damage.
The death yak is moderately wounded.
You block the death yak's attack. The death yak gores you!!
You die...

............~.>..~..##
...........%.....~.##
..bb.......#....####
...........######
...........#
...##...#..#
.#.....##[#
#.......###
#...#.##Y@# #.##..
##YS# . .... .F.# ....
.....# .##.8 8..#..#
.. .... ... .>... ....
...... ..#..


You could see 2 death yaks, a water moccasin and a bullfrog.

Vanquished Creatures
  2 death yaks (Lair:1)
  A black mamba (Lair:1)
  A cane toad (Lair:1)
  2 wyverns
  5 yaks (D:8)
  2 basilisks (D:8)
  7 water moccasins
  Duvessa (D:4)
  An ice beast (D:7)
  A sky beast (D:7)
  2 orc warriors
  An ogre (D:5)
  A phantom (D:7)
  4 kobold brigands
  Blork the orc (D:5)
  4 bullfrogs
  3 wights (D:6)
  Dowan (D:4)
  3 killer bees (D:8)
  7 howler monkeys
  5 hounds
  7 orc priests
  5 iguanas
  2 sleepcaps
  8 orc wizards
  12 adders
  19 gnolls (D:4)
  A shadow imp (D:7)
  A white imp (D:8)
  2 ufetubi
  A worm (D:2)
  A dart slug (D:3)
  40 orcs
  4 ball pythons
  12 endoplasms
  4 giant cockroaches
  8 goblins
  7 hobgoblins
  14 jackals
  23 kobolds
  4 quokkas
  A bat (D:2)
  6 frilled lizards
  4 rats
241 creatures vanquished.

Notes
Turn   | Place    | Note
-------+----------+-------------------------------------------
     0 | D:1      | qw the Minotaur Hunter began the quest for the Orb.
     0 | D:1      | Reached XP level 1. HP: 18/18 MP: 0/0
     0 | D:1      | 0 ||| qw: Version: 0.2-a-117-gc6b5c8b
     0 | D:1      | 0 ||| qw: Game counter: 2514
     0 | D:1      | 0 ||| qw: Always use a shield: true
     0 | D:1      | 0 ||| qw: God list: Okawaru
     0 | D:1      | 0 ||| qw: Allow faded altars: false
     0 | D:1      | 0 ||| qw: Do Orc after D:15 true
     0 | D:1      | 0 ||| qw: Do second Lair branch before Depths: true
     0 | D:1      | 0 ||| qw: Lair rune preference: random
     0 | D:1      | 0 ||| qw: Plans: Normal
     0 | D:1      | 0 ||| PLANNING D:1-11
   149 | D:1      | Reached XP level 2. HP: 24/25 MP: 1/1
   154 | D:1      | Reached skill level 5 in Ranged Weapons
   449 | D:1      | Reached skill level 3 in Fighting
   639 | D:1      | You fall into a shaft and drop 1 floor!
   652 | D:2      | 652 ||| READING 2 scrolls labelled BIRAYT NOTIXAJ.
   659 | D:2      | Reached XP level 3. HP: 31/31 MP: 2/2
   660 | D:2      | 660 ||| READING scroll labelled UMAOLU TAAXOXE.
   661 | D:2      | 661 ||| READING scroll labelled NOLUOB KUA.
   662 | D:2      | 662 ||| READING scroll labelled ZUIHYR POSEATT.
   663 | D:2      | 663 ||| READING scroll labelled MOAMPU QOEQ.
   664 | D:2      | 664 ||| DROPPING scroll of butterflies.
   991 | D:2      | Reached XP level 4. HP: 38/38 MP: 3/3
   994 | D:2      | Reached skill level 6 in Ranged Weapons
  1544 | D:2      | 1544 ||| UPGRADING to amulet of reflection.
  1549 | D:2      | 1549 ||| READING scroll labelled OQOT SECIGO.
  1550 | D:2      | 1550 ||| DRINKING 2 bubbling silvery potions.
  1567 | D:3      | Found a broken altar of Ashenzari.
  1773 | D:3      | Reached XP level 5. HP: 46/46 MP: 4/4
  2292 | D:3      | 2292 ||| DROPPING amulet of magic regeneration.
  2414 | D:4      | Reached skill level 7 in Ranged Weapons
  2470 | D:4      | HP: 11/46 [gnoll/+0 spear (6)]
  2471 | D:4      | 2471 ||| READING 4 scrolls of teleportation.
  2472 | D:4      | 2472 ||| DRINKING 3 potions of heal wounds.
  2473 | D:4      | 2473 ||| Stepping ~*~*~tactically~*~*~ (outnumbered).
  2529 | D:4      | Reached XP level 6. HP: 52/52 MP: 5/5
  2543 | D:4      | Found a shadowy altar of Dithmenos.
  2689 | D:4      | 2689 ||| FLEEEEING.
  2725 | D:4      | Reached skill level 8 in Ranged Weapons
  2819 | D:4      | Reached skill level 3 in Dodging
  2851 | D:4      | Reached XP level 7. HP: 41/61 MP: 6/6
  2852 | D:4      | 2852 ||| FLEEEEING.
  2856 | D:4      | 2856 ||| FLEEEEING.
  2857 | D:4      | 2857 ||| FLEEEEING.
  2859 | D:4      | 2859 ||| FLEEEEING.
  2860 | D:4      | 2860 ||| FLEEEEING.
  2861 | D:4      | 2861 ||| FLEEEEING.
  2862 | D:4      | 2862 ||| FLEEEEING.
  2863 | D:4      | 2863 ||| FLEEEEING.
  2867 | D:4      | 2867 ||| FLEEEEING.
  2972 | D:4      | Reached skill level 1 in Armour
  3103 | D:4      | Noticed Dowan
  3104 | D:4      | Noticed Duvessa
  3112 | D:4      | Killed Duvessa
  3114 | D:4      | Killed Dowan
  3213 | D:4      | 3213 ||| FLEEEEING.
  3220 | D:4      | 3220 ||| STAIRDANCE
  3261 | D:3      | 3261 ||| UPGRADING to +0 pair of gloves.
  3266 | D:3      | 3266 ||| UPGRADING to +0 ring mail.
  3276 | D:3      | 3276 ||| DROPPING +0 leather armour.
  3611 | D:4      | Reached skill level 9 in Ranged Weapons
  3923 | D:4      | 3923 ||| READING scroll labelled VEIFAUTOFU.
  3950 | D:5      | Entered Level 5 of the Dungeon
  4009 | D:5      | Found a radiant altar of Vehumet.
  4009 | D:5      | Found a shimmering blue altar of Sif Muna.
  4010 | D:5      | Found a white marble altar of Elyvilon.
  4171 | D:5      | Noticed Blork the orc
  4173 | D:5      | Reached skill level 6 in Fighting
  4180 | D:5      | Killed Blork the orc
  4375 | D:5      | Reached XP level 8. HP: 70/70 MP: 7/7
  4388 | D:5      | 4388 ||| FLEEEEING.
  4401 | D:5      | Reached skill level 10 in Ranged Weapons
  4414 | D:5      | 4414 ||| FLEEEEING.
  4415 | D:5      | 4415 ||| FLEEEEING.
  4416 | D:5      | 4416 ||| FLEEEEING.
  4853 | D:5      | 4853 ||| READING scroll labelled MIRESO PEDIRIE.
  4854 | D:5      | 4854 ||| READING scroll labelled MAWKASM REGUIC.
  4855 | D:5      | 4855 ||| DRINKING 2 smoky puce potions.
  4856 | D:5      | 4856 ||| DRINKING 3 coppery potions.
  4896 | D:5      | 4896 ||| READING 2 scrolls of identify.
  4896 | D:5      | 4896 ||| IDENTIFYING bubbling golden potion
  4897 | D:5      | 4897 ||| DROPPING 2 potions of lignification.
  4898 | D:5      | 4898 ||| DROPPING potion of degeneration.
  5662 | D:6      | Reached skill level 11 in Ranged Weapons
  5788 | D:6      | 5788 ||| DRINKING 2 clear potions.
  5789 | D:6      | 5789 ||| DROPPING potion of enlightenment.
  5927 | D:7      | Reached skill level 3 in Armour
  5927 | D:7      | Reached XP level 9. HP: 72/79 MP: 8/8
  5985 | D:7      | 5985 ||| DRINKING 2 potions of curing.
  5985 | D:7      | 5985 ||| (to cure confusion)
  5987 | D:7      | 5987 ||| DRINKING potion of curing.
  5987 | D:7      | 5987 ||| (to cure confusion)
  6006 | D:7      | HP: 18/79 [something/magic dart (5)]
  6007 | D:7      | 6007 ||| READING 3 scrolls of teleportation.
  6008 | D:7      | 6008 ||| DRINKING 2 potions of heal wounds.
  6263 | D:7      | 6263 ||| SWAPPING to +0 orcbow.
  6264 | D:7      | 6264 ||| DROPPING +1 heavy shortbow.
  6463 | D:7      | Found a staircase to the Ecumenical Temple.
  6464 | D:7      | 6464 ||| PLANNING TEMPLE
  6464 | D:7      | 6464 ||| UPGRADING to ring of resist corrosion.
  6465 | D:7      | 6465 ||| READING 4 scrolls of identify.
  6465 | D:7      | 6465 ||| IDENTIFYING smoky purple potion
  6466 | D:7      | 6466 ||| READING 3 scrolls of identify.
  6466 | D:7      | 6466 ||| IDENTIFYING brown potion
  6467 | D:7      | 6467 ||| DROPPING potion of attraction.
  6476 | Temple   | Entered the Ecumenical Temple
  6479 | Temple   | 6479 ||| PLANNING OKAWARU WORSHIP
  6551 | Temple   | Became a worshipper of Warmaster Okawaru
  6551 | Temple   | 6551 ||| PLANNING D:1-11
  6793 | D:7      | 6793 ||| READING scroll labelled TOQOIMNEAFF.
  6794 | D:7      | 6794 ||| READING 2 scrolls of identify.
  6794 | D:7      | 6794 ||| IDENTIFYING silvery potion
  6795 | D:7      | 6795 ||| DROPPING potion of ambrosia.
  6813 | D:8      | 6813 ||| Stepping ~*~*~tactically~*~*~ (outnumbered).
  6824 | D:8      | 6824 ||| STAIRDANCE
  7011 | D:8      | Reached skill level 12 in Ranged Weapons
  7019 | D:8      | Reached * piety under Okawaru
  7020 | D:8      | 7020 ||| INVOKING Heroism.
  7021 | D:8      | 7021 ||| INVOKING Heroism.
  7039 | D:8      | 7039 ||| FLEEEEING.
  7043 | D:8      | 7043 ||| FLEEEEING.
  7049 | D:8      | 7049 ||| INVOKING Heroism.
  7201 | D:8      | Reached skill level 1 in Invocations
  7218 | D:8      | 7218 ||| INVOKING Heroism.
  7220 | D:8      | HP: 15/81 [yak (9)]
  7221 | D:8      | 7221 ||| READING 2 scrolls of teleportation.
  7221 | D:8      | HP: 6/81 [yak (9)]
  7222 | D:8      | 7222 ||| DRINKING potion of heal wounds.
  7237 | D:8      | 7237 ||| INVOKING Heroism.
  7250 | D:8      | HP: 20/81 [water moccasin (2)]
  7251 | D:8      | 7251 ||| READING scroll of teleportation.
  7530 | D:8      | Identified the +0 pair of gloves "Zobe Xiw" {rC- rCorr
                  | Dex+8 Slay-3}
  7572 | D:8      | Reached skill level 13 in Ranged Weapons
  7651 | D:8      | 7651 ||| INVOKING Heroism.
  7841 | D:8      | Reached XP level 10. HP: 90/90 MP: 10/10
  7940 | D:8      | 7940 ||| INVOKING Heroism.
  7942 | D:8      | Reached skill level 9 in Fighting
  7960 | D:8      | 7960 ||| INVOKING Heroism.
  7964 | D:8      | Reached skill level 3 in Invocations
  8088 | D:8      | Found a staircase to the Lair.
  8310 | D:8      | Reached skill level 6 in Dodging
  8360 | D:8      | 8360 ||| PLANNING LAIR
  8360 | D:8      | 8360 ||| UPGRADING to +0 pair of gloves "Zobe Xiw" {rC-
                  | rCorr Dex+8 Slay-3}.
  8370 | D:8      | 8370 ||| REMOVING ring of resist corrosion.
  8371 | D:8      | 8371 ||| DROPPING +0 pair of gloves.
  8372 | D:8      | 8372 ||| READING 2 scrolls labelled OMUTEX WOIQOFOUMU.
  8373 | D:8      | 8373 ||| READING scroll labelled FORUVUN IGHELU.
  8374 | D:8      | 8374 ||| DROPPING scroll of immolation.
  8382 | Lair:1   | Entered Level 1 of the Lair of Beasts
  8426 | Lair:1   | Noticed a black mamba
  8427 | Lair:1   | 8427 ||| INVOKING Heroism.
  8434 | Lair:1   | Killed a black mamba
  8468 | Lair:1   | Noticed a cane toad
  8469 | Lair:1   | 8469 ||| INVOKING Heroism.
  8482 | Lair:1   | Killed a cane toad
  8482 | Lair:1   | Reached ** piety under Okawaru
  8565 | Lair:1   | Noticed a death yak
  8565 | Lair:1   | Noticed a death yak
  8566 | Lair:1   | 8566 ||| INVOKING Heroism.
  8568 | Lair:1   | Noticed a death yak
  8570 | Lair:1   | Noticed a death yak
  8576 | Lair:1   | Killed a death yak
  8589 | Lair:1   | Killed a death yak
  8590 | Lair:1   | Reached skill level 14 in Ranged Weapons
  8591 | Lair:1   | 8591 ||| INVOKING Heroism.
  8591 | Lair:1   | HP: 11/91 [death yak (21)]
  8594 | Lair:1   | Mangled by a death yak

Levels and vault maps discovered:
D:1:      dpeg_arrival_concentric_ovals, layout_basic, nrook_mini_vaults
D:2:      layout_basic, minmay_tiny_reverse_x
D:3:      layout_basic, amcnicky_altar_gilded, minmay_misc_feat_enclosed,
          chequers_serial_rivers_marsh, guppyfry_early_lair_pool
D:4:      lemuel_castle_with_subvaults [lemuel_castle_interior_carwin_3],
          layout_basic, marbit_many_paths, uniq_duvessa
D:5:      nicolae_cairo_tiling_very_big, layout_basic,
          gammafunk_temple_overflow_claw, uniq_blork_the_orc
D:6:      layout_basic
D:7:      layout_basic, minmay_temple_entry_large_hall
D:8:      layout_basic, minmay_lair_entry_grove
Temple:   nicolae_temple_great_sept
Lair:1:   layout_cave_pods, infiniplex_staircase_pool, lemuel_fruit_fields,
          grunt_megastairs_2, lemuel_fruit_fields, lemuel_fruit_tree

Skill      XL: |  1  2  3  4  5  6  7  8  9 10 |
---------------+-------------------------------+-----
Ranged Weapons | 5 6 7 8 9 11 13 14 | 14.1
Fighting       | 3 4 5 6 7 8 9 |  9.0
Dodging        | 3 4 5 7 |  7.3
Armour         | 2 3 |  3.3
Invocations    | 1 4 |  4.0
Stealth        | |  0.7

Action                     |  1- 3 |  4- 6 |  7- 9 | 10-12 || total
---------------------------+-------+-------+-------+-------++-------
   Fire: Shortbow          |    84 |   147 |   221 |       ||   452
         Orcbow            |       |       |   180 |    92 ||   272
 Invoke: Heroism           |       |       |     5 |     6 ||    11
    Use: Scroll            |     5 |     2 |    11 |     2 ||    20
         Potion            |       |     2 |     7 |       ||     9
 Armour: Leather armour    |     6 |    12 |       |       ||    18
         Ring mail         |       |       |    89 |    13 ||   102
  Dodge: Dodged            |    21 |    34 |   159 |    38 ||   252
  Block: Other             |       |    13 |    68 |    16 ||    97
         Reflection        |       |     1 |     7 |       ||     8

Table legend:
 A = Non-vault XP
 B = Vault XP
 C = Vault XP percentage of total XP
 D = Non-vault monster count
 E = Vault monster count
 F = Vault count percentage of total count
                 A         B        C        D         E       F
            +---------+---------+-------+---------+---------+-------
      Total |    4316 |    5396 |  55.6 |     168 |      73 |  30.3
            +---------+---------+-------+---------+---------+-------
        D:1 |      32 |       0 |   0.0 |      18 |       0 |   0.0
        D:2 |     108 |       7 |   6.1 |      28 |       2 |   6.7
        D:3 |      73 |       0 |   0.0 |      17 |       0 |   0.0
        D:4 |     124 |     920 |  88.1 |      11 |      54 |  83.1
        D:5 |     400 |      87 |  17.9 |      13 |       1 |   7.1
        D:6 |     982 |       0 |   0.0 |      17 |       0 |   0.0
        D:7 |     842 |       0 |   0.0 |      26 |       0 |   0.0
        D:8 |    1077 |    2363 |  68.7 |      36 |      13 |  26.5
     Lair:1 |     678 |    2019 |  74.9 |       2 |       3 |  60.0
            +---------+---------+-------+---------+---------+-------
